 Dungeon Crawl Stone Soup version 0.30-a0-272-gf98c3da03f (webtiles) character file.

Game seed: 15941590067986557160

2958 Flugkiller the Covert (level 9, -8/64 HPs)
             Began as an Octopode Delver on Oct 15, 2022.
             Was an Initiate of Gozag.
             Shot with an arrow by a centaur (12 damage)
             ... on level 8 of the Dungeon.
             The game lasted 00:07:35 (6811 turns).

Flugkiller the Covert (Octopode Delver)             Turns: 6811, Time: 00:07:35

Health: -8/64      AC:  5    Str: 11    XL:     9   Next: 81%
Magic:  21/21      EV: 17    Int: 12    God:    Gozag
Gold:   1053       SH:  0    Dex: 18    Spells: 12/12 levels left

rFire   . . .      SeeInvis .    n - +0 long sword
rCold   + . .      Faith    .    (no shield)
rNeg    . . .      Spirit   .    (helmet restricted)
rPois   .          Reflect  .    i - amulet of the acrobat
rElec   .          Harm     .    p - +4 ring of protection
rCorr   .          Rampage  .    c - ring of protection from cold
Will    .....                    H - ring of magical power
Stlth   +++++.....               (no ring)
HPRegen 0.30/turn                (no ring)
MPRegen 0.17/turn                (no ring)
                                 (no ring)
                                 (no ring)

@: lethally poisoned (-8 -> -14), gold aura, attractive
A: almost no armour, amphibious, 8 rings, camouflage 1, gelatinous body 1,
(nimble swimmer 1), tentacles
a: Renounce Religion, Potion Petition, Call Merchant, Bribe Branch


You were on level 8 of the Dungeon.
You worshipped Gozag.
Gozag was most pleased with you.
You visited 2 branches of the dungeon, and saw 9 of its levels.

You collected 1112 gold pieces.
You paid 59 gold pieces to Gozag.

Inventory:

Hand Weapons
 a - a +0 short sword
 n - a +0 long sword (weapon)
   (You found it on level 4 of the Dungeon)
 q - a +1 dagger of freezing
   (You took it off an orc on level 6 of the Dungeon)
 u - a +0 great sword
   (You took it off a wight on level 6 of the Dungeon)
 B - the +3 dagger of Kuah {freeze, Contam rPois Dex+2}
   (You found it on level 3 of the Dungeon)

   It freezes those it strikes, dealing additional cold damage.
   It can also slow down cold-blooded creatures.
   Dex:       It affects your dexterity (+2).
   rPois:     It protects you from poison.
   Contam:    It causes magical contamination when unequipped.
Missiles
 e - 2 javelins (quivered)
 m - 5 poisoned darts
Jewellery
 c - a ring of protection from cold (right tentacle)
   (You found it on level 1 of the Dungeon)
 i - an amulet of the acrobat (around mantle)
   (You found it on level 5 of the Dungeon)
 p - a +4 ring of protection (left tentacle)
   (You found it on level 4 of the Dungeon)
 H - a ring of magical power (on tentacle)
   (You found it on level 3 of the Dungeon)
Wands
 f - a wand of digging (3)
 g - a wand of iceblast (1)
   (You found it on level 5 of the Dungeon)
 o - a wand of mindburst (11)
   (You found it on level 5 of the Dungeon)
Scrolls
 b - a scroll of fog
 d - 3 scrolls of fear
 j - a scroll of enchant weapon
 l - a scroll of immolation
 s - a scroll of poison
 t - 5 scrolls of teleportation
 w - a scroll of enchant armour
 y - a scroll of amnesia {unknown}
 z - a scroll of blinking
 G - a scroll of magic mapping
 J - a scroll of torment {unknown}
Potions
 h - 5 potions of haste
 k - 3 potions of lignification
 v - a potion of flight {unknown}
 x - 2 potions of curing {unknown}
 A - 2 potions of mutation {unknown}
 C - a potion of berserk rage {unknown}
 D - 2 potions of magic
 E - 2 potions of degeneration {unknown}
 F - 3 potions of attraction
 I - 3 potions of brilliance {unknown}


   Skills:
 + Level 7.4 Fighting
 - Level 4.0(4.4) Short Blades
 - Level 3.0(4.0) Long Blades
 - Level 7.0 Dodging
 - Level 8.0 Stealth
 + Level 2.0 Spellcasting
 + Level 2.2 Conjurations
 + Level 2.2 Transmutations
 - Level 6.0 Evocations


You had 12 spell levels left.
You didn't know any spells.
Your spell library contained the following spells:

 Spells                   Type           Power      Damage    Failure   Level
 Blade Hands              Tmut           3%         N/A       96%         5
 Irradiate                Conj/Tmut      3%         3d12      96%         5
 Dragon Form              Tmut           3%         N/A       100%        7


Dungeon Overview and Level Annotations

Branches:
Dungeon (8/15) Zot: 26665  Temple (1/1) D:5 Zot: 5898
   Lair: D:8-11

Altars:
Ashenzari
Cheibriados
Dithmenos
Elyvilon
Gozag
Hepliaklqana
Makhleb
Nemelex Xobeh
Okawaru
Sif Muna
Vehumet
Wu Jian
Xom
Yredelemnul
Zin
The Shining One


Innate Abilities, Weirdness & Mutations

You cannot wear most types of armour.
You are amphibious.
You can wear up to eight rings at the same time.
Your skin changes colour to match your surroundings (Stealth+).
Your rubbery body absorbs attacks. (AC +1, EV +1)
((You are camouflaged when in or above water. (Stealth+)))
You have tentacles for arms and can constrict up to eight enemies at once.


Message History

Found a flail.
You see here a +0 flail.
An ice beast comes into view.
Found a scroll of identify.
The ice beast barely misses you.
You slash the ice beast!
The ice beast is heavily wounded.
The ice beast hits you. The ice beast freezes you. You resist.
You hit the ice beast. You squeeze the ice beast!
The ice beast is almost dead.
The ice beast closely misses you.
You slash the ice beast!
You kill the ice beast!
Your Spellcasting skill increases to level 2!
You now have 1036 gold pieces (gained 21).
No target in view!
Magic restored.
r - a scroll of identify
Found a mace.
As you read the scroll of identify, it crumbles to dust.
w - a scroll of enchant armour Unknown command.
Found an ornate altar of the Wu Jian Council.
Found a trident and 8 stones.
Found 15 stones.
Found 7 stones.
No target in view!
No target in view!
You now have 1053 gold pieces (gained 17).
A centaur comes into view.
You see here a scroll of identify.
A centaur is nearby!
A centaur is nearby!
The centaur shouts!
The centaur wields a +0 shortbow.
The centaur shoots an arrow.
The arrow hits you.
The centaur shoots an arrow.
The arrow misses you.
The centaur shoots an arrow.
The arrow hits you!
You hear a shout!
A gnoll comes into view. It is wielding a +1 whip of distortion.
The centaur shoots an arrow.
The arrow completely misses you.
The gnoll moves out of view.
The centaur shoots an arrow.
The arrow misses you.
The centaur shoots an arrow.
The arrow completely misses you.
The gnoll shouts!
Aiming: Mindburst
Press: ? - help, Shift-Dir - straight line, f - centaur
Aim: a centaur, wielding a +0 shortbow (chance to affect: 84%)
The centaur barely resists.
The centaur shoots an arrow.
The arrow misses you.
The centaur shoots an arrow.
The arrow misses you.
The centaur shoots an arrow.
The arrow closely misses you.
The centaur shoots an arrow.
The arrow hits you.
The centaur shoots an arrow.
The arrow barely misses you.
The centaur shoots an arrow.
The arrow completely misses you.
The centaur shoots an arrow.
The arrow completely misses you.
A water moccasin comes into view.
Aiming: Mindburst
Press: ? - help, Shift-Dir - straight line, f/p - centaur
Aim: a centaur, wielding a +0 shortbow (chance to affect: 84%)
The gnoll's mind is blasted!!
You blow up the gnoll!
The water moccasin hisses angrily.
The centaur shoots an arrow.
The arrow hits you!
The centaur shoots an arrow.
The arrow completely misses you.
A gnoll bouda comes into view. It is wielding a +0 whip.
You closely miss the water moccasin. Your grab misses the water moccasin.
You squeeze the water moccasin.
The water moccasin is lightly wounded.
The water moccasin misses you.
The gnoll bouda barks out a call to the hunt!
The centaur shoots an arrow.
The arrow hits you!
You hear a shout!
You are too injured to fight recklessly!
You are too injured to fight recklessly!
You are too injured to fight recklessly!
You miss the water moccasin. You grab the water moccasin.
The water moccasin is lightly wounded.
You constrict the water moccasin. The water moccasin closely misses you.
The centaur shoots an arrow.
The arrow closely misses you. The water moccasin bites you!
You hit the water moccasin.
The water moccasin is lightly wounded.
You constrict the water moccasin.
The centaur shoots an arrow.
The arrow completely misses you. The water moccasin misses you.
The centaur shoots an arrow.
The arrow hits you!
* * * LOW HITPOINT WARNING * * *
The water moccasin bites you.
* * * LOW HITPOINT WARNING * * *
You are poisoned.
The water moccasin poisons you!
Okay, then.
It was a potion of attraction.
You feel attractive to monsters.
You constrict the water moccasin.
You feel sick.
The centaur shoots an arrow.
The arrow hits you.
* * * LOW HITPOINT WARNING * * *
The water moccasin bites you but does no damage.
The centaur shoots an arrow.
The arrow hits you!
You die...
Your body crumbles into a pile of gold.

#.# #..... $ #.# #.....
######.# #..... # #......#
#..... ####.###...?..#
#.....
..............#######.....
...gc..gc.....$...........
#####.##S....########.....
# #.@...# #..... #.....#
###### ####### ##### .....
#####


You could see a water moccasin, a centaur and a gnoll bouda.

Vanquished Creatures
  Grinder (D:5)
  Sigmund (D:2)
  Eustachio (D:5)
  A steam dragon (D:7)
  Menkaure (D:5)
  A water moccasin (D:6)
  A black bear (D:6)
  2 ice beasts
  An orc warrior (D:8)
  4 ogres
  A phantom (D:5)
  A kobold brigand (D:7)
  A necrophage (D:4)
  2 scorpions
  3 wights (D:6)
  3 killer bees (D:7)
  5 hounds
  2 jellies
  A gnoll bouda (D:6)
  5 orc priests
  Natasha (thrice) (D:4)
  An iguana (D:6)
  2 orc wizards
  9 gnolls
  10 adders
  2 shadow imps
  3 white imps (D:7)
  An ufetubus (D:5)
  9 orcs
  4 ball pythons
  6 endoplasms
  3 giant cockroaches
  2 goblins (D:2)
  10 hobgoblins
  4 jackals (D:2)
  5 kobolds
  4 quokkas
  A bat (D:3)
  A frilled lizard (D:3)
  5 rats
123 creatures vanquished.

Vanquished Creatures (others)
  A plant (D:8)
1 creature vanquished.

Grand Total: 124 creatures vanquished

Notes
Turn   | Place    | Note
-------+----------+-------------------------------------------
     0 | D:5      | Flugkiller the Octopode Delver began the quest for the Orb.
     0 | D:5      | Reached XP level 1. HP: 16/16 MP: 1/1
    14 | D:5      | Noticed a scorpion
    17 | D:5      | Killed a scorpion
    18 | D:5      | Reached XP level 2. HP: 21/21 MP: 2/2
    18 | D:5      | Reached XP level 3. HP: 26/26 MP: 3/3
   182 | D:5      | Reached XP level 4. HP: 30/31 MP: 4/4
   196 | D:5      | Noticed Menkaure
   211 | D:5      | Killed Menkaure
   212 | D:5      | Reached skill level 5 in Dodging
   212 | D:5      | Reached skill level 7 in Stealth
   212 | D:5      | Reached XP level 5. HP: 18/37 MP: 5/5
   436 | D:5      | Found a staircase to the Ecumenical Temple.
   459 | D:5      | Reached XP level 6. HP: 39/43 MP: 6/6
   480 | D:5      | Reached skill level 8 in Stealth
   689 | D:4      | Reached skill level 1 in Evocations
   710 | D:5      | Noticed Eustachio
   736 | D:5      | Killed Eustachio
   737 | D:5      | Reached XP level 7. HP: 8/48 MP: 7/7
  1356 | D:6      | Reached skill level 5 in Evocations
  1439 | Temple   | Entered the Ecumenical Temple
  1520 | Temple   | Became a worshipper of Gozag Ym Sagoz the Greedy
  1552 | D:6      | Reached skill level 1 in Long Blades
  1552 | D:6      | Reached XP level 8. HP: 54/54 MP: 8/8
  1732 | D:4      | Noticed Natasha
  1734 | D:4      | Killed Natasha
  1983 | D:4      | Noticed Natasha
  1994 | D:4      | Killed Natasha
  2130 | D:4      | Noticed Natasha
  2134 | D:4      | Killed Natasha
  2135 | D:4      | Reached skill level 5 in Fighting
  2285 | D:3      | Found a sparkling altar of Nemelex Xobeh.
  2332 | D:3      | Found a broken altar of Ashenzari.
  2356 | D:3      | Identified the +7 ring mail "Vuobapn" {Str+4}
  2660 | D:3      | Found a shimmering altar of Xom.
  3019 | D:3      | Identified the +3 dagger of Kuah {freeze, Contam rPois
                  | Dex+2}
  3348 | D:2      | Noticed Sigmund
  3356 | D:2      | Killed Sigmund
  3520 | D:2      | Found a faded altar of an unknown god.
  4620 | D:5      | Noticed Grinder
  4625 | D:5      | Killed Grinder
  4700 | D:5      | Reached XP level 9. HP: 8/63 MP: 9/9
  5838 | D:7      | Found a shadowy altar of Dithmenos.
  5838 | D:7      | Found a burning altar of Makhleb.
  6076 | D:7      | Reached skill level 1 in Conjurations
  6090 | D:7      | Reached skill level 1 in Spellcasting
  6090 | D:7      | Reached skill level 1 in Transmutations
  6755 | D:8      | Found an ornate altar of the Wu Jian Council.
  6811 | D:8      | Shot with an arrow by a centaur

Illustrated notes

Levels and vault maps discovered:
D:1:      scummos_arrival_simple_fountains, layout_basic, minmay_hedge_maze
D:2:      layout_basic, basic_ecumenical_altar, uniq_sigmund
D:3:      layout_basic, amcnicky_altar_gilded, mainiacjoe_overflow_brackets,
          nemelex_xobeh_ov_fountains_minmay, serial_park_tiny_1
D:4:      layout_cave_pools, amcnicky_mini_rare_corridor_liquid, uniq_natasha
D:5:      layout_gridville, minmay_temple_entry_from_below_a,
          kennysheep_generic_room_9, uniq_menkaure, uniq_grinder, uniq_eustachio
D:6:      layout_rooms, grunt_decor_one_mirror
D:7:      layout_gridville, gammafunk_temple_overflow_wave
D:8:      layout_basic, nzn_wu_jian_contemplation,
          grunt_temple_overflow_forces_of_nature
Temple:   minmay_temple_bridge_abc

Skill      XL: |  1  2  3  4  5  6  7  8  9 |
---------------+----------------------------+-----
Dodging        | 4 5 6 7 |  7.0
Fighting       | 4 6 7 |  7.4
Stealth        | 7 8 |  8.0
Short Blades   | 3 4 |  4.0
Evocations     | 2 5 6 |  6.0
Long Blades    | 1 3 |  3.0
Conjurations   | 2 |  2.2
Spellcasting   | 2 |  2.0
Transmutations | 2 |  2.2

Action                   |  1- 3 |  4- 6 |  7- 9 || total
-------------------------+-------+-------+-------++-------
Melee: Short sword       |     4 |    64 |     9 ||    77
       Tentacles         |     1 |    15 |    66 ||    82
       Constrict         |     1 |    10 |    55 ||    66
       Punch             |       |     1 |     3 ||     4
       Long sword        |       |       |   245 ||   245
Throw: Javelin           |       |     2 |       ||     2
Evoke: Wand              |       |     3 |     9 ||    12
  Use: Potion            |       |     1 |     1 ||     2
       Scroll            |       |       |     9 ||     9
 Stab: Sleeping          |     1 |     1 |    34 ||    36
       Distracted        |       |       |     3 ||     3
Armor: Skin              |       |     3 |    38 ||    41
Dodge: Dodged            |     3 |    35 |   227 ||   265

Table legend: (Time is in decaauts)
 A = Elapsed time spent in this place.
 B = Non-inter-level travel time spent in this place.
 C = Inter-level travel time spent in this place.
 D = Time resting spent in this place.
 E = Time spent auto-exploring this place.
 F = Levels seen in this place.
 G = Mean time per level.
                   A        B        C        D        E       F      G
               +--------+--------+--------+--------+--------+-----+--------+
         Total |   6843 |   6558 |    285 |   1307 |   3874 |   9 |  760.3 |
       Dungeon |   6741 |   6475 |    266 |   1307 |   3803 |   8 |  842.6 |
        Temple |    101 |     82 |     19 |      0 |     71 |   1 |  101.0 |
               +--------+--------+--------+--------+--------+-----+--------+

Top non-repeatable levels by time:
     D:5: 1573 daAuts
     D:3: 1028 daAuts
     D:6: 925 daAuts
     D:7: 857 daAuts
     D:2: 749 daAuts
     D:4: 735 daAuts
     D:1: 538 daAuts
     D:8: 333 daAuts
  Temple: 101 daAuts
